 Dungeon Crawl Stone Soup version 0.27-a0-287-gd4424db430 (webtiles) character file.

Game seed: 8913258322638695161

130 Lanoc the Chopper (level 4, -2/40 HPs)
             Began as a Deep Dwarf Gladiator on Feb 9, 2021.
             Slain by an ogre
             ... wielding a +0 giant spiked club
              (20 damage)
             ... on level 4 of the Dungeon.
             The game lasted 00:02:12 (966 turns).

Lanoc the Chopper (Deep Dwarf Gladiator)             Turns: 966, Time: 00:02:13

Health: -2/40      AC:  6    Str: 17    XL:     4   Next: 90%
Magic:  3/3        EV: 14    Int: 11    God:
Gold:   41         SH:  0    Dex: 15    Spells: 3/3 levels left

rFire    . . .     SeeInvis .   a - +0 war axe
rCold    + . .     Faith    .   (no shield)
rNeg     + . .     Spirit   .   b - +0 leather armour
rPois    .         Reflect  .   c - +0 helmet
rElec    .         Harm     .   (no cloak)
rCorr    .         Rampage  .   (no gloves)
Will     +....     Rnd*Tele +   h - +1 pair of boots
Stlth    +.........             (no amulet)
HPRegen  0.00/turn              k - ring of positive energy
MPRegen  0.08/turn              l - ring of teleportation (curse)

@: non-regenerating
A: damage resistance, heal wounds, clever 1, cold resistance 1, low mp 1,
strong-willed 1, sense surroundings 1, no regeneration
a: Heal Wounds


You were on level 4 of the Dungeon.
You visited 1 branch of the dungeon, and saw 4 of its levels.

You collected 41 gold pieces.

Inventory:

Hand Weapons
 a - a +0 war axe (weapon)
Missiles
 d - 3 throwing nets (quivered)
Armour
 b - a +0 leather armour (worn)
 c - a +0 helmet (worn)
 h - a +1 pair of boots (worn)
Jewellery
 k - a ring of positive energy (left hand)
 l - a cursed ring of teleportation (right hand)
Wands
 m - a wand of polymorph (12)
Scrolls
 e - a scroll of amnesia {unknown}
 f - 4 scrolls of immolation {unknown}
 g - a scroll of remove curse {unknown}
 i - 2 scrolls of teleportation {unknown}
 j - a scroll of enchant armour {unknown}


   Skills:
 + Level 2.7 Fighting
 * Level 5.0 Axes
 - Level 1.7 Throwing
 + Level 4.2 Dodging


You had 3 spell levels left.
You didn't know any spells.
Your spell library was empty.

Dungeon Overview and Level Annotations

Branches:
Dungeon (4/15)
 Temple: D:4-7

Altars:
Wu Jian


Innate Abilities, Weirdness & Mutations

You are resistant to damage.
You can heal yourself by infusing magical energy.
You passively map a small area around you.
You do not regenerate.
Your mind is acute. (Int +2)
Your flesh is cold resistant. (rC+)
Your magical capacity is low. (-10% MP)
You are strong-willed. (Will+)


Message History

The orc wizard flickers and vanishes!
Deactivating autopickup; reactivate with Ctrl-A.
Your Axes skill increases to level 5!
You slash the ogre!
The ogre is heavily wounded.
You miss something. Something hits you but does no damage.
The ogre hits you with a +0 giant spiked club!!
Ouch! That really hurt!
You hit the ogre.
The ogre is heavily wounded.
You miss something.
You hear some strange, mumbled words.
Something tries to affect you, but you resist.
The ogre barely misses you.
You hit the ogre but do no damage.
The ogre is heavily wounded.
You closely miss something. Something hits you.
The ogre hits you with a +0 giant spiked club!!
Ouch! That really hurt!
You die...

, , #..,, * ## ,
, *#>. ... _*#..
....
*######.###+#....
*
#........#......
#...............
, , ,
###.....)......,
#....<.@{.....# ,
,, ,
#.....##O.....# ,
......... .......
?........#....###
.......#+#...<..,
....... ....... *
, .......,
....... + .......
.......


You could see an ogre.

Vanquished Creatures
  2 orc priests
  2 adders
  2 worms
  5 orcs
  A ball python (D:3)
  2 giant cockroaches (D:3)
  A goblin (D:3)
  5 hobgoblins
  7 jackals
  A quokka (D:3)
  4 bats
  2 frilled lizards (D:1)
  6 kobolds
  3 rats
43 creatures vanquished.

Notes
Turn   | Place    | Note
-------+----------+-------------------------------------------
     0 | D:1      | Lanoc the Deep Dwarf Gladiator began the quest for the Orb.
     0 | D:1      | Reached XP level 1. HP: 19/19 MP: 1/1
    92 | D:1      | Reached XP level 2. HP: 20/26 MP: 2/2
   219 | D:2      | HP: 1/26 [worm (9)]
   221 | D:2      | Reached skill level 4 in Axes
   259 | D:3      | Reached XP level 3. HP: 25/32 MP: 3/3
   322 | D:3      | Found an ornate altar of the Wu Jian Council.
   409 | D:3      | Gained mutation: Your magical capacity is low. (-10% MP)
                  | [potion of mutation]
   409 | D:3      | Gained mutation: Your mind is acute. (Int +2) [potion of
                  | mutation]
   409 | D:3      | Gained mutation: You are strong-willed. (Will+) [potion of
                  | mutation]
   409 | D:3      | Gained mutation: Your flesh is cold resistant. (rC+)
                  | [potion of mutation]
   423 | D:3      | Reached XP level 4. HP: 17/40 MP: 3/3
   957 | D:4      | Noticed an ogre
   964 | D:4      | Reached skill level 5 in Axes
   966 | D:4      | Slain by an ogre

Illustrated notes

Levels and vault maps discovered:
D:1:      matt_arrival_diagonals, layout_rooms
D:2:      layout_loops_ring, nzn_hepliaklqana_mist_gate,
          grunt_temple_overflow_diamond, okawaru_metal_pillars_3,
          chequers_serial_rivers_marsh, minmay_misc_feat_room
D:3:      layout_loops_ring, pdpol_wu_jian_five_deadly_venoms
D:4:      cheibrodos_helix_gallery, layout_basic, lemuel_blue_sif_altar,
          temple_fountains, fountainhead, grunt_decor_one_mirror, uniq_pikel

Skill      XL: |  1  2  3  4 |
---------------+-------------+-----
Fighting       | 2 |  2.7
Axes           | 4 5 |  5.0
Dodging        | 4 |  4.2
Throwing       | |  1.7

Action                   |  1- 3 |  4- 6 || total
-------------------------+-------+-------++-------
Melee: War axe           |    64 |    46 ||   110
 Abil: Heal Wounds       |     1 |     1 ||     2
  Use: Potion            |     2 |     1 ||     3
 Stab: Sleeping          |     3 |       ||     3
Armor: Leather armour    |    24 |    13 ||    37
Dodge: Dodged            |    64 |    29 ||    93

Table legend: (Time is in decaauts)
 A = Elapsed time spent in this place.
 B = Non-inter-level travel time spent in this place.
 C = Inter-level travel time spent in this place.
 D = Time resting spent in this place.
 E = Time spent auto-exploring this place.
 F = Levels seen in this place.
 G = Mean time per level.
                   A        B        C        D        E       F      G
               +--------+--------+--------+--------+--------+-----+--------+
         Total |   1011 |    971 |     40 |      9 |    677 |   4 |  252.8 |
       Dungeon |   1011 |    971 |     40 |      9 |    677 |   4 |  252.8 |
               +--------+--------+--------+--------+--------+-----+--------+

Top non-repeatable levels by time:
     D:3: 740 daAuts
     D:1: 130 daAuts
     D:2: 127 daAuts
     D:4: 12 daAuts
